 Dungeon Crawl Stone Soup version 0.23-a0-677-g07611c5 (webtiles) character file.

44 pmoppi the Vexing (level 3, 0/14 HPs)
             Began as a Felid Enchanter on Jan 9, 2019.
             Slain by a leopard gecko (1 damage)
             ... on level 2 of the Dungeon.
             The game lasted 00:02:47 (1788 turns).

pmoppi the Vexing (Felid Enchanter)                 Turns: 1788, Time: 00:02:47

Health: 0/14       AC:  1    Str:  4    XL:     3   Next: 39%
Magic:  7/7        EV: 18    Int: 17    God:
Gold:   82         SH:  0    Dex: 16    Spells: 0/6 levels left
                                        Lives:  0   Deaths: 0

rFire    . . .     SeeInvis +     - Unarmed
rCold    . . .     Gourm    .   (shield unavailable)
rNeg     . . .     Faith    .   (armour unavailable)
rPois    .         Spirit   .   (helmet unavailable)
rElec    .         Reflect  .   (cloak unavailable)
rCorr    .         Harm     .   (gloves unavailable)
MR       .....                  (boots unavailable)
Stlth    +++.......             (no amulet)
HPRegen  0.04/turn              (no ring)
MPRegen  0.10/turn              (no ring)

@: quick
A: very small, no armour, no weapons or thrown items, stealth, claws 1, fangs 3,
see invisible, carnivore, speed 1, shaggy fur 1, slow metabolism 1, sharp paws
a: no special abilities


You were on level 2 of the Dungeon.
You were completely stuffed.

You visited 1 branch of the dungeon, and saw 2 of its levels.

You collected 82 gold pieces.

Inventory:

Jewellery
 m - an uncursed ring of ice {unknown}
Scrolls
 d - 2 scrolls of teleportation {unknown}
 e - a scroll of magic mapping {unknown}
 h - 2 scrolls of remove curse {unknown}
 i - a scroll of immolation {unknown}
 j - a scroll of fear {unknown}
 l - a scroll of amnesia {unknown}
Potions
 a - a potion of mutation {unknown}
 c - a potion of haste {unknown}
 g - a potion of flight {unknown}
 k - a potion of heal wounds {unknown}
Comestibles
 b - 2 rations


   Skills:
 + Level 3.3 Dodging
 + Level 4.5 Stealth
 * Level 2.2 Unarmed Combat
 - Level 2.0 Spellcasting
 + Level 4.9 Hexes


You couldn't memorise any spells.
You knew the following spells:

 Your Spells              Type           Power        Failure   Level  Hunger
a - Ensorcelled Hibernat  Hex/Ice        ##....       11%         2    ###....
b - Confuse               Hex            ###.....     8%          3    ###....
c - Corona                Hex            ###....      2%          1    #......

Your spell library contained the following spells:

 Spells                   Type           Power        Failure   Level  Hunger
 Tukima's Dance           Hex            ###.....     8%          3    ###....
 Dazzling Spray           Conj/Hex       ##....       22%         3    ###....


Dungeon Overview and Level Annotations

Branches:
Dungeon (2/15)

Altars:

Annotations:
D:1 exclusion: downstairs
D:2 Robin, Sigmund, Terence


Innate Abilities, Weirdness & Mutations

You cannot wear armour.
You are incapable of wielding weapons or throwing items.
Your paws allow you to move quietly. (Stealth)
You have sharp claws.
You have razor-sharp teeth.
You have supernaturally acute eyesight. (SInv)
You are carnivorous and can eat meat at any time.
You cover ground quickly.
You are covered in fur. (AC +1)
You have a slow metabolism.
Your sharp claws are effective at attacking unaware monsters.


Message History

The goblin shouts!
You scratch the leopard gecko.
The leopard gecko is heavily wounded.
The goblin hits you but does no damage. Robin throws the goblin at you!
The goblin hits you. The leopard gecko closely misses you.
You barely miss the leopard gecko.
The leopard gecko is heavily wounded.
The goblin barely misses you. The goblin completely misses you.
The goblin misses you. The leopard gecko bites you.
You closely miss the leopard gecko.
The leopard gecko is heavily wounded.
The hobgoblin closely misses you. The goblin hits you.
The goblin closely misses you. The goblin misses you.
The leopard gecko closely misses you.
The goblin hits you with a +1 dagger of venom.
* * * LOW HITPOINT WARNING * * *
You barely miss the goblin. The goblin hits you.
* * * LOW HITPOINT WARNING * * *
The hobgoblin misses you. The leopard gecko bites you.
You die...

#........ #........%....
#....$........
#..........># .
##...........#..
##...............
##..#.#)..........
##.......#ggg......
######........g@gggg....
...............#lgg......
...##.##.#######g.......>
...##....# ..%........
......#### ....#..#.....
...##.####...............
...#.................##..
................#.#### ..
....#.............#


You could see Robin, a leopard gecko, a hobgoblin and 9 goblins.

Vanquished Creatures
  An ooze (D:1)
  2 worms
  2 dart slugs
  A leopard gecko (D:2)
  A ball python (D:1)
  A bat (D:1)
  2 giant cockroaches (D:1)
  6 goblins (D:1)
  3 kobolds (D:1)
  A quokka (D:2)
  3 frilled lizards (D:1)
  5 rats (D:1)
28 creatures vanquished.

Notes
Turn   | Place    | Note
-------+----------+-------------------------------------------
     0 | D:1      | pmoppi the Felid Enchanter began the quest for the Orb.
     0 | D:1      | Reached XP level 1. HP: 7/7 MP: 4/4
   164 | D:1      | Reached XP level 2. HP: 5/11 MP: 3/6
   453 | D:1      | Learned a level 2 spell: Ensorcelled Hibernation
  1110 | D:1      | Reached XP level 3. HP: 9/14 MP: 2/7
  1228 | D:1      | Learned a level 3 spell: Confuse
  1341 | D:2      | Noticed Sigmund
  1341 | D:2      | Noticed Terence
  1781 | D:2      | Noticed Robin
  1788 | D:2      | Slain by a leopard gecko

Vault maps used:
D:1:      erik_arrival_triangle_small, serial_bayou_pond_c
D:2:      uniq_sigmund, uniq_robin, uniq_terence

Skill      XL: |  1  2 |
---------------+-------+-----
Dodging        | 3 |  3.3
Unarmed Combat | 2 |  2.2
Stealth        | |  4.5
Spellcasting   | |  2.0
Hexes          | |  4.9

Action                   || total
-------------------------++-------
Melee: Unarmed           ||    70
       Bite              ||     6
       Punch             ||     2
 Cast: Corona            ||     7
       Ensorcelled Hiber ||    16
 Stab: Sleeping          ||    16
       Distracted        ||     1
  Eat: Chunk             ||    10
Armor: Skin              ||     2
Dodge: Dodged            ||    58

Table legend:
 A = Non-vault XP
 B = Vault XP
 C = Vault XP percentage of total XP
 D = Non-vault monster count
 E = Vault monster count
 F = Vault count percentage of total count
                 A         B        C        D         E       F
            +---------+---------+-------+---------+---------+-------
      Total |      63 |       0 |   0.0 |      28 |       0 |   0.0
            +---------+---------+-------+---------+---------+-------
        D:1 |      49 |       0 |   0.0 |      24 |       0 |   0.0
        D:2 |      14 |       0 |   0.0 |       4 |       0 |   0.0
            +---------+---------+-------+---------+---------+-------
